 Dungeon Crawl Stone Soup version 0.21.1-1-g345015fe64 (webtiles) character file.

140 LisaTheBanana the Insei (level 5, 0/37 HPs)
             Began as a Merfolk Transmuter on Apr 8, 2018.
             Slain by Dommiel19's ghost (13 damage)
             ... on level 4 of the Dungeon.
             The game lasted 00:18:54 (2997 turns).

LisaTheBanana the Insei (Merfolk Transmuter)        Turns: 2997, Time: 00:18:55

Health: 0/37       AC:  2    Str: 10    XL:     5   Next: 22%
Magic:  6/9        EV: 22    Int: 12    God:
Gold:   159        SH:  0    Dex: 21    Spells: 3/9 levels left

rFire    . . .     SeeInvis .     - Unarmed
rCold    . . .     Gourm    .   (shield currently unavailable)
rNeg     . . .     Faith    .   (armour currently unavailable)
rPois    x         Spirit   .   (helmet currently unavailable)
rElec    .         Reflect  .   (cloak currently unavailable)
rCorr    .         Harm     .   (gloves currently unavailable)
MR       .....                  (boots currently unavailable)
Stlth    ++........             (no amulet)
HPRegen  0.12/turn              (no ring)
MPRegen  0.11/turn              (no ring)

@: spider-form
A: tiny, (change form in water), (swift swim), (stealthy swim)
a: End Transformation


You were on level 4 of the Dungeon.
You were not hungry.
You were a venomous arachnid creature.
You visited 1 branch of the dungeon, and saw 4 of its levels.

You collected 159 gold pieces.

Inventory:

Hand Weapons
 i - a +0 dagger
 u - a +0 long sword (melded)
Missiles
 a - 30 arrows
Armour
 b - a +0 robe (melded)
 j - a +0 pair of boots (melded)
 s - a +0 robe
 t - a +0 helmet
 w - a +0 pair of boots
 y - a +2 ring mail of magic resistance
Jewellery
 g - a +4 ring of protection {unknown}
Wands
 v - a wand of paralysis (14)
 A - a wand of random effects (16)
Scrolls
 e - 3 scrolls of identify {unknown}
 h - a scroll of immolation {unknown}
 k - a scroll of teleportation {unknown}
 m - a scroll of enchant armour {unknown}
 p - a scroll of blinking {unknown}
 q - 2 scrolls of fog {unknown}
 r - 2 scrolls of remove curse {unknown}
 x - a scroll of fear {unknown}
 B - a scroll of enchant weapon {unknown}
Potions
 f - 3 potions of curing {unknown}
 l - a potion of flight {unknown}
 n - a potion of brilliance {unknown}
 o - a potion of lignification {unknown}
 z - 2 potions of agility {unknown}
 C - a potion of resistance {unknown}
Books
 c - a book of Changes

   Spells                             Type                      Level
   a - Beastly Appendage              Transmutation                1
   b - Sticks to Snakes               Transmutation                2
   c - Spider Form                    Transmutation/Poison         3
   d - Ice Form                       Ice/Transmutation            4
   e - Blade Hands                    Transmutation                5
Comestibles
 d - 5 rations


   Skills:
 + Level 1.3 Fighting
 + Level 0.5(1.0) Short Blades
 + Level 1.0(1.1) Long Blades
 + Level 3.4 Dodging
 + Level 1.0 Stealth
 + Level 4.1 Unarmed Combat
 + Level 2.9 Spellcasting
 + Level 3.6 Transmutations
 + Level 0.9 Poison Magic


You had 3 spell levels left.
You knew the following spells:

 Your Spells              Type           Power        Failure   Level  Hunger
a - Beastly Appendage     Tmut           ##....       16%         1    #......
b - Sticks to Snakes      Tmut           ##......     22%         2    ###....
c - Spider Form           Tmut/Pois      #.........   50%         3    ###....


Dungeon Overview and Level Annotations

Branches:
Dungeon (4/15)
 Temple: D:4-7

Altars:
Ru
Xom

Annotations:
D:4 Dommiel19's ghost, amateur GrFi


Message History

You hit Dommiel19's ghost but do no damage.
Dommiel19's ghost misses you.
You hit Dommiel19's ghost but do no damage.
Dommiel19's ghost hits you.
You hit Dommiel19's ghost but do no damage.
Dommiel19's ghost hits you!
You hit Dommiel19's ghost but do no damage.
Dommiel19's ghost hits you.
You hit Dommiel19's ghost.
Dommiel19's ghost is lightly damaged.
You hit Dommiel19's ghost but do no damage.
Dommiel19's ghost is lightly damaged.
Dommiel19's ghost misses you.
You hit Dommiel19's ghost.
Dommiel19's ghost is lightly damaged.
Dommiel19's ghost barely misses you.
You hit Dommiel19's ghost but do no damage.
Dommiel19's ghost is lightly damaged.
Dommiel19's ghost hits you!
You die...

'#.#..#.#...##.....#
#...............##..#
#...............##..#
#.....................
#.....................
#......................
#......................
#......W.............
#.....$.s............
#######..######.....
##.# .... #.# #' ## #..
#. ##.# #. .# #. .# #.
#.


You could see Dommiel19's ghost.

Vanquished Creatures
  Ijyb (D:3)
  A worker ant (D:4)
  2 adders
  An ooze (D:3)
  2 worms
  2 dart slugs
  5 leopard geckos
  An orc (D:4)
  4 bats
  5 giant cockroaches
  9 goblins
  4 hobgoblins
  A quokka (D:3)
  5 frilled lizards
  5 kobolds
  6 rats
54 creatures vanquished.

Notes
Turn   | Place    | Note
-------+----------+-------------------------------------------
     0 | D:1      | LisaTheBanana the Merfolk Transmuter began the quest for the Orb.
     0 | D:1      | Reached XP level 1. HP: 15/15 MP: 3/3
   113 | D:1      | Reached XP level 2. HP: 6/21 MP: 5/5
  1161 | D:2      | Reached XP level 3. HP: 23/26 MP: 6/6
  1169 | D:2      | Learned a level 2 spell: Sticks to Snakes
  1173 | D:2      | Learned a level 3 spell: Spider Form
  1458 | D:2      | Found a sacrificial altar of Ru.
  1754 | D:3      | Noticed Ijyb
  1767 | D:3      | Killed Ijyb
  1767 | D:3      | Reached XP level 4. HP: 23/32 MP: 4/8
  2251 | D:3      | Reached skill level 4 in Unarmed Combat
  2572 | D:3      | Found a shimmering altar of Xom.
  2890 | D:4      | Reached skill level 1 in Stealth
  2890 | D:4      | Reached XP level 5. HP: 36/37 MP: 5/9
  2893 | D:4      | Reached skill level 1 in Long Blades
  2980 | D:4      | Noticed Dommiel19's ghost (amateur GrFi)
  2997 | D:4      | Slain by Dommiel19's ghost

Skill      XL: |  1  2  3  4  5 |
---------------+----------------+-----
Transmutations | 3 |  3.6
Dodging        | 3 |  3.4
Unarmed Combat | 4 |  4.1
Stealth        | 1 |  1.0
Long Blades    | 1 |  1.0
Fighting       | |  1.3
Short Blades   | |  0.5
Spellcasting   | |  2.9
Poison Magic   | |  0.9

Action                   |  1- 3 |  4- 6 || total
-------------------------+-------+-------++-------
Melee: Unarmed           |    42 |    46 ||    88
       Headbutt          |     8 |     1 ||     9
       Dagger            |    50 |       ||    50
       Punch             |     1 |       ||     1
       Tailslap          |     2 |       ||     2
       Long sword        |       |     9 ||     9
 Cast: Beastly Appendage |    12 |     1 ||    13
       Spider Form       |     7 |    11 ||    18
       Sticks to Snakes  |     1 |     1 ||     2
 Stab: Distracted        |       |     1 ||     1
       Sleeping          |       |     1 ||     1
  Eat: Ration            |     2 |     1 ||     3
Armor: Robe              |    15 |     1 ||    16
       Skin              |     2 |       ||     2
Dodge: Dodged            |    45 |    31 ||    76
       Rpst.: Long sword |       |     1 ||     1
